 Dungeon Crawl Stone Soup version 0.19-a0-1933-g052ff51 (webtiles) character file.

278742 Kirk the Eclecticist (level 20, 145/145 HPs)
             Began as an Octopode Earth Elementalist on Oct 24, 2016.
             Quit the game on level 1 of the Vaults on Sept 1, 2019.
             The game lasted 03:56:39 (52527 turns).

Kirk the Eclecticist (Octopode Earth Elementalist) Turns: 52527, Time: 03:56:39

Health: 145/145    AC:  7    Str:  8      XL:     20   Next: 83%
Magic:  49/49      EV: 18    Int: 29 (30) God:
Gold:   2911       SH:  9    Dex: 11      Spells: 10 memorised, 16 levels left

rFire  + . .     SeeInvis +     t - staff of conjuration
rCold  + . .     Gourm    .     A - +2 buckler
rNeg   + . .     Faith    .     K - +2 hat
rPois  .         Spirit   .     p - amulet of magic regeneration
rElec  +         Reflect  .     u - ring of protection from cold
rCorr  .         Harm     .     B - +5 ring of intelligence
MR     ++...                    L - ring of protection from cold
Stlth  +++.......               n - ring of fire
                                g - ring of magical power
                                w - +4 ring of protection
                                f - ring of wizardry
                                l - ring of Emabraagg {rElec rN+ MR+ SInv}

@: studying Fighting, repel missiles
A: almost no armour, stealthy swim, amphibious, 8 rings, constrict 8, camouflage
1, clumsy 1, robust 1, gelatinous body 1
a: no special abilities
}: 1/15 runes: barnacled


You were on level 1 of the Vaults.
You were not hungry.

You visited 7 branches of the dungeon, and saw 32 of its levels.
You also visited: Labyrinth, Bailey, Ice Cave and Volcano.

You collected 3641 gold pieces.
You spent 730 gold pieces at shops.

Inventory:

Hand Weapons
 r - a +1 short sword of electrocution
 C - the +10 long sword "Sarcophage" {slice, rC- rN++ Int+6}
   (You found it on level 5 of the Lair of Beasts)

   It inflicts extra damage upon your enemies.
   It affects your intelligence (+6).
   It makes you vulnerable to cold.
   It greatly protects you from negative energy.
 M - the +2 flail of Omidwurghe {freeze, +Rage rF+ rC+}
   (You took it off a deep elf annihilator on level 3 of the Elven Halls)

   It has been specially enchanted to freeze those struck by it, causing extra
   injury to most foes and up to half again as much damage against particularly
   susceptible opponents.
   It can also slow down cold-blooded creatures.
   It protects you from fire.
   It protects you from cold.
   It lets you go berserk.
Armour
 A - a +2 buckler (worn)
 K - a +2 hat (worn)
Magical Staves
 t - an uncursed staff of conjuration (weapon)
 I - an uncursed staff of earth
Rods
 N - a +4 rod of inaccuracy (9/9)
   (You took it off a deep elf death mage on level 3 of the Elven Halls)
Jewellery
 d - an uncursed ring of protection from magic
 f - a ring of wizardry (on tentacle)
 g - a ring of magical power (on tentacle)
 l - the ring of Emabraagg (on tentacle) {rElec rN+ MR+ SInv}
   (You took it off a deep elf master archer on level 3 of the Elven Halls)

   [ring of positive energy]

   It insulates you from electricity.
   It protects you from negative energy.
   It affects your resistance to hostile enchantments.
   It lets you see invisible.
 n - a ring of fire (on tentacle)
 p - an amulet of magic regeneration (around mantle)
 u - a ring of protection from cold (left tentacle)
 v - the amulet of the Madman {Faith *Drain +Blink rF+++}
   (You took it off a deep elf death mage on level 3 of the Elven Halls)

   [amulet of faith]

   It allows you to gain divine favour quickly.
   It renders you almost immune to fire.
   It lets you blink.
   It causes draining when unequipped.
 w - a +4 ring of protection (on tentacle)
 B - a +5 ring of intelligence (right tentacle)
 L - a ring of protection from cold (on tentacle)
 X - an uncursed ring of protection from cold
Wands
 O - a wand of teleportation (3/9)
 Q - a wand of digging (10/24)
 Y - a wand of iceblast (4/15)
 Z - a wand of teleportation (5/9)
Scrolls
 a - a scroll of blinking
 j - 6 scrolls of remove curse
 k - 5 scrolls of enchant weapon
 q - 2 scrolls of identify
 y - 3 scrolls of recharging
 z - a scroll of magic mapping
 J - 2 scrolls of teleportation
 R - 6 scrolls of enchant armour
Potions
 e - a potion of magic
 h - a potion of resistance
 i - 3 potions of cure mutation
 s - 6 potions of might
 D - 2 potions of agility
 H - 3 potions of brilliance
 P - 3 potions of haste
 T - 2 potions of curing
Books
 W - a manual of Fighting
Miscellaneous
 x - a phial of floods
 E - a fan of gales
 F - a lamp of fire
Comestibles
 c - 10 bread rations
 m - 19 meat rations


   Skills:
 - Level 10.1 Fighting
 - Level 4.0(4.5) Short Blades
 * Level 3.3(4.2) Long Blades
 * Level 10.3 Dodging
 - Level 4.0 Stealth
 - Level 15.0 Shields
 - Level 16.2 Spellcasting
 - Level 15.1 Conjurations
 - Level 0.6 Charms
 - Level 1.0 Transmutations
 - Level 15.0 Ice Magic
 - Level 13.3 Earth Magic


You had 16 spell levels left.
You knew the following spells:

 Your Spells              Type           Power        Failure   Level  Hunger
a - Sandblast             Erth           ######       0%          1    None
b - Stone Arrow           Conj/Erth      ######       1%          3    None
c - Passwall              Tmut/Erth      ######....   1%          2    None
d - Lee's Rapid Deconstr  Erth           #######...   1%          5    None
e - Petrify               Tmut/Erth      ######..     1%          4    None
f - Ozocubu's Armour      Chrm/Ice       ######..     1%          3    None
g - Throw Icicle          Conj/Ice       ########     1%          4    None
h - Freezing Cloud        Conj/Ice/Air   #######...   2%          6    ###....
i - Iskenderun's Battles  Conj/Chrm      #######.     1%          5    None
j - Repel Missiles        Chrm/Air       ####..       1%          2    None


Dungeon Overview and Level Annotations

Branches:
Dungeon (15/15)            Temple (1/1) D:5            Lair (6/6) D:10
 Shoals (4/4) Lair:3       Spider (0/4) Lair:3        Slime (0/5) Lair:6
    Orc (2/2) D:12            Elf (3/3) Orc:2        Vaults (1/5) D:14
 Depths (0/5) D:15

Altars:
Cheibriados
Dithmenos
Elyvilon
Fedhas
Gozag
Hepliaklqana
Kikubaaqudgha
Makhleb
Nemelex Xobeh
Okawaru
Qazlal
Ru
Sif Muna
Trog
Uskayaw
Xom
Yredelemnul
Zin
The Shining One
Beogh

Shops:
D:5 }   Orc:2 %=![(   Elf:1 (   Elf:3 *

Portals:
Hell: Lair:6
Trove: Elf:2 (give wand of heal wounds (9))

Annotations:
D:9 nivlat's ghost, novice DDAs
Shoals:4 Donald; Ilsuiw
Elf:1 Asterion
Elf:2 5 runed doors
Elf:3 Wizop's ghost, adept DrIE


Innate Abilities, Weirdness & Mutations

You cannot wear most types of armour.
You are very stealthy in the water. (Stealth+)
You are amphibious.
You can wear up to eight rings at the same time.
You can use your tentacles to constrict eight enemies at once.
Your skin changes colour to match your surroundings (Stealth+).
Your rubbery body absorbs attacks. (AC +1, EV +1)
You are clumsy. (Dex -2)
You are robust. (+10% HP)


Message History

You feel a surge of power!
The shard of ice hits the wraith.
The wraith partially resists.
You destroy the wraith!
There is an open door here.
An ugly thing, a hill giant and a vault sentinel come into view.
Your icy armour starts to melt.
Saving game... please wait.
Welcome back, Kirk the Octopode Earth Elementalist.
Press ? for a list of commands and other information.
You aren't carrying or standing over any spellbooks.
Cast which spell? (? or * to list)
Okay, then.
Saving game... please wait.
Welcome back, Kirk the Octopode Earth Elementalist.
Press ? for a list of commands and other information.
Your icy armour evaporates.
Saving game... please wait.
Welcome back, Kirk the Octopode Earth Elementalist.
Press ? for a list of commands and other information.
Are you sure you want to abandon this character and quit the game? (Confirm with "yes".)

. .. ... .....
.....############
.....#......'...##
....+......#....##
.....#......#.....##
C....#...@..##.....##
.....#......###.....##
.....#......#
##.....## ....
######'# ##.....## ..p
##.## ##.....# ..u
##.∩.## ##....#
#.....# ##...# #.###.#
##### #.....#


There were no monsters in sight!

Vanquished Creatures
  A deep elf blademaster (Elf:3)
  2 deep elf master archers (Elf:3)
  A kraken (Shoals:2)
  Kirke (D:12)
  8 deep elf sorcerers
  2 frost giants
  The ghost of TZer0 the Destroyer, an adept GrVM of Sif Muna (Shoals:3)
  An orc warlord (Orc:2)
  5 deep elf elementalists (Elf:3)
  3 deep elf demonologists
  7 deep elf annihilators (Elf:3)
  10 deep elf death magi
  A minotaur (Lab)
  9 merfolk javelineers
  7 crystal guardians (Elf:3)
  10 merfolk impalers
  A yaktaur captain (D:15)
  The ghost of ScarCow the Nimble, a journeyman DrTm of Okawaru (D:11)
  6 deep elf high priests (Elf:3)
  A hell beast (Lair:6)
  11 hydras
  2 merfolk aquamancers (Shoals:4)
  2 alligator snapping turtles (Shoals:3)
  2 merfolk avatars
  3 centaur warriors
  8 satyrs
  A hell hog (Volcano)
  A small abomination (Elf:3)
  10 dancing weapons
  3 orc high priests
  13 deep elf knights
  11 sea snakes
  2 fire crabs
  5 unseen horrors
  15 deep elf archers
  A glowing orange brain (shapeshifter) (Elf:3)
  An orange crystal statue (Vaults:1)
  8 hill giants
  3 lindwurms
  2 wizards
  13 harpies
  4 orc knights
  An orb spider (Lair:3)
  28 fauns
  A wolf spider zombie (D:15)
  50 deep elf magi
  An orc sorcerer (Elf:3)
  4 cyclopes
  An ugly thing (D:11)
  8 manticores
  10 elephants
  13 water nymphs
  An elephant (shapeshifter) (Elf:2)
  13 sirens
  2 molten gargoyles (Elf:2)
  A gargoyle (D:10)
  9 spiny frogs
  3 orange demons (Lair:6)
  An ice statue (IceCv)
  6 centaur skeletons
  11 komodo dragons
  A yaktaur (D:15)
  An efreet (D:14)
  A komodo dragon (shapeshifter) (D:15)
  A kobold demonologist (D:11)
  7 rime drakes
  4 ice devils (Lair:6)
  A hellwing (Lair:6)
  3 meliai (D:14)
  2 two-headed ogres
  10 trolls
  43 merfolk
  6 wind drakes
  Prince Ribbit (D:8)
  A red devil (Lair:6)
  A wind drake (shapeshifter) (Elf:1)
  A hornet (D:6)
  17 polar bears (IceCv)
  21 blink frogs
  11 hippogriffs
  5 slime creatures (D:13)
  10 snapping turtles
  6 dream sheep
  5 air elementals
  A shadow (D:11)
  12 water elementals
  4 wraiths
  50 yaks
  6 fire elementals
  6 hogs (D:12)
  2 vampires
  6 basilisks
  4 wyverns
  2 steam dragons (Volcano)
  14 vampire mosquitoes
  7 hungry ghosts
  A mottled dragon (D:14)
  4 hell hounds
  4 wargs
  14 water moccasins
  46 orc warriors
  7 porcupines
  8 sky beasts
  6 ice beasts
  A black bear (D:7)
  6 phantoms
  A necrophage (D:5)
  22 wolves
  A centaur (shapeshifter) (D:15)
  15 ogres
  A tengu (shapeshifter) (Elf:1)
  13 centaurs
  24 crocodiles
  7 big kobolds
  An earth elemental (Elf:2)
  17 bullfrogs
  A wyvern skeleton (D:13)
  6 scorpions
  22 killer bees
  3 wights (D:15)
  2 howler monkeys
  7 electric eels
  11 crimson imps
  5 centaur zombies
  6 hounds
  A lava snake (Elf:2)
  24 orc priests
  7 jellies
  A bullfrog skeleton (D:11)
  3 iguanas
  8 hell rats (Lair:5)
  18 worker ants
  46 orc wizards
  A hound skeleton (D:6)
  A hound zombie (D:11)
  2 worker ant zombies (D:8)
  A howler monkey zombie (D:11)
  8 gnolls
  16 river rats
  20 adders
  4 shadow imps
  12 white imps (Orc:2)
  An ooze (D:4)
  4 worms
  2 dart slugs
  4 leopard geckos
  145 orcs
  13 giant cockroaches
  8 goblins
  4 hobgoblins
  13 jackals
  3 quokkas
  2 ball pythons
  8 bats
  3 frilled lizards
  13 kobolds
  A leopard gecko skeleton (D:6)
  A quokka skeleton (D:8)
  22 rats
  2 crawling corpses (Elf:1)
  2 plants (D:14)
  3 tentacles (Shoals:2)
1325 creatures vanquished.

Vanquished Creatures (others)
  A deep elf demonologist (Elf:3)
  A wizard (D:14)
  9 bushes
  17 fungi
  56 plants
  A tentacle (Shoals:2)
85 creatures vanquished.

Grand Total: 1410 creatures vanquished

Notes
Turn   | Place    | Note
-------+----------+-------------------------------------------
     0 | D:1      | Kirk the Octopode Earth Elementalist began the quest for the Orb.
     0 | D:1      | Reached XP level 1. HP: 11/11 MP: 3/3
   151 | D:1      | Reached XP level 2. HP: 17/17 MP: 3/5
   626 | D:2      | Reached XP level 3. HP: 21/21 MP: 5/7
   794 | D:2      | Reached skill level 3 in Spellcasting
  1044 | D:2      | Found an opulent altar of Gozag.
  1129 | D:2      | Reached XP level 4. HP: 27/27 MP: 5/8
  1483 | D:3      | Learned a level 3 spell: Stone Arrow
  1486 | D:3      | Learned a level 2 spell: Passwall
  1733 | D:3      | Reached XP level 5. HP: 29/31 MP: 10/10
  1735 | D:3      | Reached skill level 1 in Short Blades
  2396 | D:4      | Noticed an ogre
  2530 | D:4      | Noticed an ogre
  2580 | D:4      | Killed an ogre
  2580 | D:4      | Reached skill level 4 in Spellcasting
  2580 | D:4      | Reached XP level 6. HP: 36/36 MP: 7/12
  2604 | D:4      | Reached skill level 5 in Earth Magic
  2706 | D:4      | Reached XP level 7. HP: 39/41 MP: 6/13
  3002 | D:5      | Entered Level 5 of the Dungeon
  3020 | D:5      | Reached skill level 5 in Spellcasting
  3085 | D:5      | Found a staircase to the Ecumenical Temple.
  3116 | Temple   | Entered the Ecumenical Temple
  3278 | D:5      | Found Litielef's Gadget Shoppe.
  3375 | D:5      | Reached XP level 8. HP: 44/46 MP: 12/16
  4013 | D:6      | Reached skill level 6 in Spellcasting
  4393 | D:6      | Reached skill level 7 in Spellcasting
  4513 | D:6      | Reached XP level 9. HP: 33/51 MP: 13/19
  4963 | D:7      | Reached skill level 8 in Spellcasting
  5298 | D:7      | Found a runed door.
  5330 | D:7      | Found a runed door.
  5556 | D:8      | Learned a level 5 spell: Lee's Rapid Deconstruction
  5611 | D:8      | Noticed Prince Ribbit
  5618 | D:8      | Killed Prince Ribbit
  5618 | D:8      | Reached skill level 1 in Conjurations
  5618 | D:8      | Reached XP level 10. HP: 42/56 MP: 15/22
  5630 | D:8      | Reached skill level 9 in Spellcasting
  6301 | D:8      | Found an iron altar of Okawaru.
  6301 | D:8      | Found a stormy altar of Qazlal.
  6884 | D:9      | Reached skill level 10 in Earth Magic
  7003 | D:9      | Noticed nivlat's ghost (novice DDAs)
  7238 | D:9      | Found a shimmering altar of Xom.
  7239 | D:9      | Found a burning altar of Makhleb.
  7375 | D:9      | Reached skill level 10 in Spellcasting
  7622 | D:9      | Reached XP level 11. HP: 61/61 MP: 2/25
  7763 | D:9      | Noticed a two-headed hydra
  7774 | D:9      | Killed a two-headed hydra
  7836 | D:10     | Entered Level 10 of the Dungeon
  7869 | D:10     | Killed an unseen horror
  8076 | D:10     | Reached skill level 5 in Conjurations
  8773 | D:10     | Reached skill level 11 in Spellcasting
  8787 | D:10     | Noticed a hill giant
  8999 | D:10     | Found a staircase to the Lair.
  9013 | D:10     | Learned a level 4 spell: Petrify
  9262 | D:10     | Killed a hill giant
  9736 | Lair:1   | Entered Level 1 of the Lair of Beasts
  9817 | Lair:1   | Found a labyrinth entrance.
  9850 | Lab      | Entered a labyrinth
  9908 | Lab      | Found an exit through the horrors of the Abyss.
 10177 | Lab      | Noticed a minotaur
 10242 | Lab      | Identified Learhulo's Volume of Lucky Envenoming
 10242 | Lab      | Identified the Handbook of Earthen Calling
 10249 | Lab      | Killed a minotaur
 10249 | Lab      | Reached XP level 12. HP: 35/66 MP: 0/27
 10265 | Lab      | Learned a level 3 spell: Ozocubu's Armour
 10359 | Lair:1   | Found a dark tunnel.
 10367 | Volcano  | Entered a volcano
 10641 | Volcano  | Noticed a hell hog
 10868 | Volcano  | Killed a hell hog
 12053 | Lair:2   | Reached skill level 12 in Spellcasting
 12642 | Lair:3   | Noticed a six-headed hydra
 13127 | Lair:3   | Noticed a six-headed hydra
 13158 | Lair:3   | Killed a six-headed hydra
 13245 | Lair:3   | Found a hole to the Spider Nest.
 13258 | Lair:3   | Reached XP level 13. HP: 71/71 MP: 13/29
 13843 | Lair:3   | Reached skill level 1 in Fighting
 14194 | Lair:3   | Found a staircase to the Shoals.
 14804 | Lair:4   | Learned a level 4 spell: Throw Icicle
 15316 | Lair:4   | Reached skill level 13 in Spellcasting
 15420 | Lair:4   | Reached skill level 1 in Ice Magic
 16614 | Lair:5   | Reached skill level 10 in Conjurations
 16816 | Lair:5   | Got a brightly glowing long sword
 17653 | Lair:6   | Entered Level 6 of the Lair of Beasts
 18448 | Lair:6   | Reached skill level 5 in Dodging
 18495 | Lair:6   | HP: 1/79 [crocodile (19)]
 18635 | Lair:6   | Reached XP level 14. HP: 65/84 MP: 16/31
 19053 | Lair:6   | Noticed a dire elephant
 20214 | Lair:6   | Found a staircase to the Slime Pits.
 20354 | Lair:6   | Upgraded the game from 0.19-a0-1922-g1e9a4c1 to 0.19-a0-1931-gf4bb0bd
 20459 | Lair:6   | Found a burning altar of Makhleb.
 20967 | Lair:6   | Found a gateway to Hell.
 21018 | Lair:6   | Reached skill level 5 in Fighting
 21351 | D:11     | Noticed a frost giant
 21510 | D:11     | Noticed ScarCow's ghost (journeyman DrTm)
 21613 | D:11     | Identified the +10 long sword "Sarcophage" {slice, rC- rN++ Int+6} (You found it on level 5 of the Lair of Beasts)
 22350 | D:11     | Reached skill level 5 in Ice Magic
 22921 | D:11     | Got the battleaxe of Jarunol {freeze}
 23016 | D:10     | Upgraded the game from 0.19-a0-1931-gf4bb0bd to 0.19-a0-1933-g052ff51
 23031 | D:11     | Killed ScarCow's ghost
 23527 | D:11     | Killed a frost giant
 24041 | D:12     | Reached skill level 10 in Ice Magic
 24041 | D:12     | Reached XP level 15. HP: 92/92 MP: 32/32
 24292 | D:12     | Found a flagged portal.
 24389 | Bailey   | Entered a bailey
 24453 | Bailey   | Noticed TugoseryaHuesosov's ghost (novice MiBe)
 25378 | D:12     | Reached XP level 16. HP: 97/98 MP: 33/33
 25429 | D:12     | Found a staircase to the Orcish Mines.
 26722 | D:13     | Identified the cursed +0 battleaxe of Jarunol {freeze, rElec} (You found it on level 11 of the Dungeon)
 27234 | D:14     | Found a gate to the Vaults.
 27285 | D:14     | You fall through a shaft!
 27285 | D:15     | Entered Level 15 of the Dungeon
 27318 | D:15     | Found a deep blue altar of Sif Muna.
 27679 | D:15     | Reached XP level 17. HP: 105/114 MP: 34/34
 27866 | D:15     | Gained mutation: You are partially covered in iridescent scales. (AC +2) [mutagenic meat]
 27867 | D:15     | Lost mutation: You are partially covered in iridescent scales. (AC +2) [mutagenic meat]
 27868 | D:15     | Gained mutation: You are robust. (+10% HP) [mutagenic meat]
 27869 | D:15     | Gained mutation: You are clumsy. (Dex -2) [mutagenic meat]
 27870 | D:15     | Gained mutation: You can translocate small distances at will. [mutagenic meat]
 28498 | D:15     | Found a staircase to the Depths.
 29455 | Orc:1    | Entered Level 1 of the Orcish Mines
 29464 | Orc:1    | Reached skill level 14 in Spellcasting
 30131 | Orc:2    | Entered Level 2 of the Orcish Mines
 30184 | Orc:2    | Found a frozen archway.
 30249 | IceCv    | Entered an ice cave
 30348 | IceCv    | Reached skill level 1 in Long Blades
 31199 | IceCv    | Reached skill level 10 in Fighting
 31632 | Orc:2    | Found a roughly hewn altar of Beogh.
 31846 | Orc:2    | Found a roughly hewn altar of Beogh.
 31912 | Orc:2    | Found Yttimnig's Jewellery Emporium.
 31973 | Orc:2    | Found a roughly hewn altar of Beogh.
 32051 | Orc:2    | Found a roughly hewn altar of Beogh.
 32073 | Orc:2    | Found a staircase to the Elven Halls.
 32079 | Orc:2    | Found a roughly hewn altar of Beogh.
 32174 | Orc:2    | Found Setikix's Food Boutique.
 32196 | Orc:2    | Found a roughly hewn altar of Beogh.
 32238 | Orc:2    | Found Gakkaiq's Distillery.
 32292 | Orc:2    | Bought a potion of curing for 48 gold pieces
 32770 | Orc:2    | Found Nuxeqoomm's Antique Armour Emporium.
 32772 | Orc:2    | Found a roughly hewn altar of Beogh.
 32772 | Orc:2    | Found Feonofod's Antique Weapon Shoppe.
 32792 | Orc:2    | Bought a runed buckler for 262 gold pieces
 32990 | Orc:2    | Bought an uncursed ring of wizardry for 420 gold pieces
 33039 | Orc:1    | Learned a level 6 spell: Freezing Cloud
 33193 | Shoals:1 | Entered Level 1 of the Shoals
 33260 | Shoals:1 | Reached skill level 1 in Shields
 33638 | Shoals:1 | Reached XP level 18. HP: 116/132 MP: 28/36
 34314 | Shoals:2 | Reached skill level 5 in Shields
 35906 | Shoals:2 | Gained mutation: You expend magic power (3 MP) to strengthen your wands. [mutagenic glow]
 35936 | Shoals:2 | Gained mutation: You are very clumsy. (Dex -4) [mutagenic glow]
 36323 | Shoals:3 | Noticed TZer0's ghost (adept GrVM)
 36954 | Elf:1    | Entered Level 1 of the Elven Halls
 37075 | Elf:1    | Noticed Asterion
 37550 | Elf:1    | Identified the Reference Book on the Entourage
 38108 | Elf:1    | Found Avvu's Weapon Shop.
 38296 | Elf:2    | Reached skill level 15 in Spellcasting
 38636 | Elf:2    | Found a portal to a secret trove of treasure.
 38915 | Elf:2    | Identified the Collected Works on the Volcanoes
 38966 | Elf:2    | Reached skill level 10 in Dodging
 39504 | Elf:2    | Found a huge runed gate.
 39504 | Elf:2    | Found a huge runed gate.
 39504 | Elf:2    | Found a huge runed gate.
 39509 | Elf:2    | Found a huge runed gate.
 39513 | Elf:2    | Found a huge runed gate.
 39845 | Elf:3    | Entered Level 3 of the Elven Halls
 40044 | Elf:3    | Found Buakiav's General Store.
 40120 | Elf:3    | Reached XP level 19. HP: 55/138 MP: 12/38
 40817 | Elf:3    | Reached skill level 15 in Ice Magic
 41045 | Elf:3    | Reached skill level 10 in Shields
 41445 | Elf:3    | Got a transparent flail {freeze}
 41587 | Elf:3    | Identified the +2 flail of Omidwurghe {freeze, +Rage rF+ rC+} (You took it off a deep elf annihilator on level 3 of the Elven Halls)
 41809 | Elf:3    | Got a fine bone amulet
 41810 | Elf:3    | Identified the amulet of the Madman {Faith *Drain +Blink rF+++} (You took it off a deep elf death mage on level 3 of the Elven Halls)
 42186 | Elf:3    | Noticed Wizop's ghost (adept DrIE)
 42805 | Elf:3    | Got a twisted mace {crush}
 42807 | Elf:3    | Identified the +2 mace "Qapsud" {crush, rN++} (You took it off a deep elf sorcerer on level 3 of the Elven Halls)
 43178 | Elf:3    | Lost mutation: You can translocate small distances at will. [potion of cure mutation]
 43178 | Elf:3    | Lost mutation: You expend magic power (3 MP) to strengthen your wands. [potion of cure mutation]
 43178 | Elf:3    | Lost mutation: You are very clumsy. (Dex -4) [potion of cure mutation]
 44784 | Elf:3    | Got a steaming platinum ring
 44786 | Elf:3    | Identified the ring of Emabraagg {rElec rN+ MR+ SInv} (You took it off a deep elf master archer on level 3 of the Elven Halls)
 44926 | Elf:3    | Reached XP level 20. HP: 66/145 MP: 28/39
 45245 | Elf:3    | Learned a level 5 spell: Iskenderun's Battlesphere
 45648 | D:12     | Noticed Kirke
 45668 | D:12     | Killed Kirke
 45688 | D:12     | Identified a +4 rod of inaccuracy (9/9) (You took it off a deep elf death mage on level 3 of the Elven Halls)
 46504 | Shoals:3 | Reached skill level 15 in Shields
 46528 | Shoals:3 | Killed TZer0's ghost
 47217 | Shoals:4 | Entered Level 4 of the Shoals
 47555 | Shoals:4 | Noticed Ilsuiw
 48111 | Shoals:4 | Noticed Donald
 50617 | Shoals:4 | Got a crude morningstar {pain}
 51285 | Shoals:4 | Reached skill level 16 in Spellcasting
 51304 | Shoals:4 | Reached skill level 15 in Conjurations
 51839 | Shoals:4 | Got a barnacled rune of Zot
 51938 | Shoals:4 | Identified the Collected Works on Darkness and Enhancements
 52126 | Shoals:4 | Identified the +3 morningstar of Quick Death {pain, *Noise *Corrode MR+++ Int+7} (You took it off a siren on level 4 of the Shoals)
 52308 | Lair:1   | Learned a level 2 spell: Repel Missiles
 52432 | Vaults:1 | Entered Level 1 of the Vaults
 52527 | Vaults:1 | Quit the game

Vault maps used:
D:1:      dpeg_arrival_arbitrary_c
D:2:      grunt_gozag_statues
D:3:      first_bread, hangedman_abyss_or_decor_stabs, kennysheep_pointless_box
D:4:      minmay_checkerbox
D:5:      serial_shops, shop
D:7:      lemuel_insect_pit
D:8:      amethyst_overflow_temple_binary, minmay_misc_feat_nine_boxes,
          uniq_prince_ribbit1
D:9:      grunt_temple_overflow_champion_of_chaos, hangedman_ranch
D:10:     lair_0_dummy, small_statue_intersection
D:11:     minmay_coctagon
D:12:     david_orc_4, enter_bailey_3, uniq_kirke
D:14:     david_vaults_1, wad_floor_pattern_untrapped, minmay_holes,
          minmay_hedge_maze, serial_bayou_lake_a
D:15:     grunt_enter_depths_snipers, fountainhead, basic_altar
Temple:   eino_temple_scatter_basement
Lair:1:   lightli_volcano_entry_magma_tube, lab_entry_generic,
          lemuel_fruit_fields
Lair:3:   minmay_shoals_entry_beasts, nicolae_spider_entry_orb_guardian,
          st_stairs_7, beast_lair_carwin_8, infiniplex_staircase_pool,
          serial_bayou_shore_a, lemuel_fruit_tree
Lair:4:   serial_bayou_shore_b, grunt_megastairs_3
Lair:5:   lemuel_ratsnest, kennysheep_catoblepas_arena
Lair:6:   evil_forest, slime_dummy, lemuel_fruit_fields
Shoals:1: nicolae_shoals_stone_sculpture_thing
Shoals:2: nicolae_shoals_so_close
Shoals:4: shoals_end_grunt_garden, shoal_ilsuiw, uniq_donald
Orc:2:    grunt_orc_community_town_hall, grunt_orc_community_big_house_1,
          grunt_orc_community_big_house_2, grunt_orc_community_house_1,
          grunt_orc_community_house_1, grunt_orc_community_house_3,
          grunt_orc_community_house_2, grunt_orc_community_house_1,
          serial_shops, shop, portal_ice_cave_entry_imps
Elf:1:    serial_shops, shop, minmay_elf_demonology, uniq_asterion
Elf:2:    nicolae_trove_entry_free_sample, hangedman_research_pyrotechnics
Elf:3:    minmay_elf_hall_golems, serial_shops, nicolae_shop_crystal
Vaults:1: ontoclasm_vaults_ligature, ontoclasm_vaults_idyll,
          nicolae_vaults_little_squares_1, nicolae_vaults_statue_guard,
          nicolae_vaults_windows_and_doors_thing, hangedman_vaults_stream,
          vaults_mumra_chevron_long, nicolae_vaults_diagonal_hallway_8,
          v_misc_30, hangedman_vaults_trim, vaults_dpeg_hooks, uniq_aizul
Lab:      labyrinth_watery, labyrinth_fake_exit, nicolae_lab_diamond,
          nicolae_lab_x, nicolae_lab_swirl, nicolae_lab_starburst,
          nicolae_lab_big_swirl, nicolae_lab_grate
Bailey:   bailey_polearm_2, bailey
IceCv:    ice_cave_small_giant
Volcano:  volcano_pools

Skill      XL: |  1  2  3  4  5  6  7  8  9 10 11 12 13 14 15 16 17 18 19 20 |
---------------+-------------------------------------------------------------+-----
Spellcasting   | 3 4 5 7 8 10 11 12 13 14 15 16 | 16.2
Earth Magic    | 4 5 6 7 9 10 12 13 | 13.3
Short Blades   | 1 2 3 4 |  4.0
Stealth        | 3 4 |  4.0
Conjurations   | 1 4 6 8 10 12 13 14 15 | 15.1
Fighting       | 3 5 9 10 | 10.1
Dodging        | 5 7 8 10 | 10.3
Ice Magic      | 3 10 11 12 14 15 | 15.0
Long Blades    | 3 |  3.3
Shields        | 3 9 14 15 | 15.0
Charms         | |  0.6
Transmutations | |  1.0

Action                   |  1- 3 |  4- 6 |  7- 9 | 10-12 | 13-15 | 16-18 | 19-21 || total
-------------------------+-------+-------+-------+-------+-------+-------+-------++-------
Melee: Unarmed           |     3 |       |       |       |       |       |       ||     3
       Constrict         |     8 |     8 |     7 |     9 |    27 |    45 |     9 ||   113
       Dagger            |    22 |       |       |       |       |       |       ||    22
       Tentacles         |     3 |     4 |     3 |     9 |    13 |    19 |     6 ||    57
       Short sword       |       |    36 |    36 |    36 |    90 |   152 |    30 ||   380
       Staff             |       |       |       |     7 |     7 |    24 |     6 ||    44
       Long sword        |       |       |       |       |       |       |     4 ||     4
 Fire: Blowgun           |       |     7 |       |       |       |       |       ||     7
Throw: Stone             |       |       |     3 |     1 |       |       |       ||     4
 Cast: Sandblast         |    24 |    41 |   145 |   247 |    72 |     2 |       ||   531
       Stone Arrow       |       |       |     9 |   206 |   437 |     1 |     1 ||   654
       Passwall          |       |       |       |     1 |       |       |       ||     1
       Lee's Rapid Decon |       |       |       |     5 |    17 |     2 |    11 ||    35
       Ozocubu's Armour  |       |       |       |     4 |    19 |    71 |   119 ||   213
       Throw Icicle      |       |       |       |       |   130 |   878 |   636 ||  1644
       Petrify           |       |       |       |       |     4 |       |       ||     4
       Freezing Cloud    |       |       |       |       |       |       |     5 ||     5
       Iskenderun's Batt |       |       |       |       |       |       |     5 ||     5
       Repel Missiles    |       |       |       |       |       |       |     1 ||     1
Evoke: Wand              |       |       |     1 |    13 |     9 |     3 |     7 ||    33
       Rod               |       |       |       |       |     1 |       |       ||     1
       Phial of floods   |       |       |       |       |       |       |     1 ||     1
  Use: Scroll            |       |    10 |     9 |    11 |     9 |    10 |     9 ||    58
       Potion            |       |       |       |     4 |     6 |     8 |    11 ||    29
 Stab: Sleeping          |     4 |     3 |     2 |       |     4 |     2 |       ||    15
       Distracted        |       |       |     1 |       |       |       |       ||     1
  Eat: Chunk             |       |     5 |     8 |    21 |    25 |    40 |    17 ||   116
       Pizza             |       |       |     1 |       |     2 |       |     1 ||     4
       Bread ration      |       |       |       |     1 |     2 |       |     2 ||     5
       Beef jerky        |       |       |       |       |     1 |     4 |       ||     5
       Fruit             |       |       |       |       |       |     2 |     2 ||     4
       Royal jelly       |       |       |       |       |       |     1 |     3 ||     4
       Meat ration       |       |       |       |       |       |       |     1 ||     1
Armor: Skin              |     5 |     4 |     3 |    15 |    45 |    97 |    65 ||   234
Dodge: Dodged            |     9 |    32 |    50 |   120 |   235 |   354 |   189 ||   989
Block: Buckler           |       |       |       |       |       |    68 |   110 ||   178
       Rpst.: Long sword |       |       |       |       |       |       |     1 ||     1
